 Dungeon Crawl Stone Soup version 0.26-a0-854-gdc81c2f471 (webtiles) character file.

Game seed: 15281234936340389659

44433 Peloso the Peltast (level 13, -9/116 HPs)
             Began as a Minotaur Fighter on Nov 22, 2020.
             Was the Champion of Okawaru.
             Mangled by a yak (35 damage)
             ... on level 4 of the Lair of Beasts.
             The game lasted 01:04:06 (25399 turns).

Peloso the Peltast (Minotaur Fighter)              Turns: 25399, Time: 01:04:07

Health: -9/116     AC: 17    Str: 30    XL:     13   Next: 96%
Magic:  12/12      EV:  8    Int:  5    God:    Okawaru [******]
Gold:   1342       SH:  0    Dex: 12    Spells: 12/12 levels left

rFire    . . .     SeeInvis .   b - +0 long sword (vamp)
rCold    + . .     Faith    +   c - +0 tower shield
rNeg     . . .     Spirit   .   D - +0 plate armour
rPois    .         Reflect  .   (helmet restricted)
rElec    .         Harm     .   (no cloak)
rCorr    .         Rampage  .   (no gloves)
MR       .....                  F - +0 pair of boots
Stlth    ..........             E - amulet of faith
HPRegen  0.29/turn              x - ring of protection from cold
MPRegen  0.13/turn              I - +6 ring of strength

@: sleeping, very slow
A: retaliatory headbutt, horns 2
a: Heroism, Finesse, Renounce Religion


You were on level 4 of the Lair of Beasts.
You worshipped Okawaru.
Okawaru was exalted by your worship.
You visited 3 branches of the dungeon, and saw 18 of its levels.
You also visited: Ossuary.

You collected 1342 gold pieces.

Inventory:

Hand Weapons
 a - a +1 long sword of flaming
 b - a +0 vampiric long sword (weapon)
 s - the +1 quarterstaff of the Pariah {speed, +Inv rF+ Int-4}
   (You found it on level 5 of the Dungeon)

   Attacks with this weapon are significantly faster.
   It affects your intelligence (-4).
   It protects you from fire.
   It lets you turn invisible.
 K - a +0 hand crossbow
 N - a +0 long sword of electrocution
 O - the +9 hand axe of Lies {freeze, Int+4, unknown}
   (You found it on level 11 of the Dungeon)

   It has been specially enchanted to freeze those struck by it, causing extra
   injury to most foes and up to half again as much damage against particularly
   susceptible opponents.
   It can also slow down cold-blooded creatures.
   It affects your intelligence (+4).
Armour
 c - a +0 tower shield (worn)
 t - a +0 chain mail
 y - +0 swamp dragon scales
 D - a +0 plate armour (worn)
 F - a +0 pair of boots (worn)
 L - the -4 cloak of a volcano {rN+ Slay+2}
   (Okawaru gifted it to you on level 3 of the Lair of Beasts)

   It affects your accuracy and damage with ranged weapons and melee attacks
   (+2).
   It protects you from negative energy.
Jewellery
 x - a ring of protection from cold (left hand)
 E - an amulet of faith (around neck)
 I - a +6 ring of strength (right hand)
Wands
 n - a wand of disintegration (24)
 u - a wand of random effects (8)
 w - a wand of flame (19)
 C - a wand of acid (22)
 Q - a wand of enslavement (10)
 R - a wand of paralysis (1)
Scrolls
 e - 5 scrolls of amnesia
 f - 6 scrolls of remove curse
 i - 7 scrolls of enchant weapon
 j - 3 scrolls of fog
 k - a scroll of brand weapon
 o - 2 scrolls of identify
 q - 3 scrolls of noise
 r - 4 scrolls of blinking
 z - a scroll of silence
 A - a scroll of holy word
 B - a scroll of enchant armour
 G - a scroll of summoning
 P - a scroll of magic mapping
Potions
 d - a potion of flight
 h - a potion of invisibility
 l - 6 potions of curing
 m - 2 potions of haste
 p - 3 potions of magic
 v - 5 potions of ambrosia
 H - 2 potions of resistance
 J - a potion of mutation


   Skills:
 + Level 11.0 Fighting
 + Level 15.0 Long Blades
 + Level 13.1 Armour
 + Level 4.3 Dodging
 + Level 1.3 Stealth
 + Level 16.6 Shields
 + Level 1.2 Invocations
 + Level 2.3 Evocations


You had 12 spell levels left.
You didn't know any spells.
Your spell library contained the following spells:

 Spells                   Type           Power        Failure   Level
 Freeze                   Ice            #...         100%        1
 Shock                    Conj/Air       #...         100%        1
 Sting                    Tmut/Pois      #...         100%        1
 Poisonous Vapours        Pois/Air       #.....       100%        2
 Swiftness                Air            #.......     100%        2
 Frozen Ramparts          Ice            #.....       100%        3
 Ignite Poison            Fire/Tmut/Pois #.......     100%        3
 Mephitic Cloud           Conj/Pois/Air  #.......     100%        3
 Ozocubu's Armour         Ice            #.......     100%        3
 Static Discharge         Conj/Air       #.......     100%        3
 Airstrike                Air            #.........   100%        4
 Hailstorm                Conj/Ice       #.......     100%        4
 Olgreb's Toxic Radiance  Pois           #.......     100%        4
 Summon Ice Beast         Ice/Summ       #.......     100%        4
 Bolt of Magma            Conj/Fire/Erth #.........   100%        5
 Iskenderun's Battlesphe  Conj           #.......     100%        5
 Lightning Bolt           Conj/Air       #.........   100%        5
 Iron Shot                Conj/Erth      #.........   100%        6
 Orb of Destruction       Conj           #.........   100%        7
 Spellforged Servitor     Conj/Summ      #.........   100%        7


Dungeon Overview and Level Annotations

Branches:
Dungeon (13/15)            Temple (1/1) D:6            Lair (4/6) D:8
  Swamp (0/4) Lair:4        Snake (0/4) Lair:4          Orc (0/2) D:12
 Vaults (0/5) D:13        Ossuary (visited)

Altars:
Ashenzari
Cheibriados
Dithmenos
Elyvilon
Fedhas
Gozag
Hepliaklqana
Kikubaaqudgha
Makhleb
Nemelex Xobeh
Okawaru
Qazlal
Ru
Sif Muna
Trog
Uskayaw
Vehumet
Wu Jian
Xom
Yredelemnul
Zin
The Shining One
Jiyva

Shops:
D:4 [   D:7 (=:


Innate Abilities, Weirdness & Mutations

You reflexively headbutt those who attack you in melee.
You have a pair of horns on your head.


Message History

Unknown command.
You closely miss the dream sheep.
The dream sheep is moderately wounded.
The dream sheep bites you.
* * * LOW HITPOINT WARNING * * *
Unknown command.
You feel better. The dream sheep closely misses you. You furiously retaliate!
You headbutt the dream sheep! You slice the dream sheep!!
You feel better.
You kill the dream sheep!
Okawaru accepts your kill.
Unknown command.
You feel better. You block the yak's attack.
You slice the yak!!
You feel better.
The yak is severely wounded.
You block the yak's attack.
The dream sheep are wreathed in dream dust.
You feel drowsy...
You fall asleep.
The yak gores you!!
You die...

*P.......# #........,
**#?.....### #........, ***** ***
##.......#####........,
,*,,***.###.......#...#........,,
,*,,,**...........P...†........,,
,,,,,*,........Y.....†....PPPPPPP
,,,<,,,......YYY.....††...P.P...,
,,,,,,,.......♣Y♣♣♣.......P.P.PPP
,,,,,,,.(.Y.yY♣♣@§♣♣......P.....P
,,,,,,,y...Y♣♣♣≈.≈♣≈......P.PPP.P
,,,***,..YYY≈♣≈≈.≈§♣♣♣....P...P,,
,*** **#..Y,♣≈≈≈≈§§§♣♣....PPP.PPP
,* *** #.Y,.≈≈§§§§§§♣.....P......
****∩**##...♣≈§§§§§§♣♣....P.PPP.P
**,,,,***#.#≈♣§§§§§♣♣♣....P.P.P.P
*,,,,,,**..≈♣♣♣.§§♣♣♣.....P.P.P.P
**,,,,,***,,**≈≈**♣♣..........P.P


You could see a yak and 4 dream sheep.

Vanquished Creatures
  Frances (D:13)
  Nessos (D:12)
  Erolcha (D:10)
  2 hydras
  3 centaur warriors
  7 two-headed ogres
  A death yak (Lair:3)
  A queen ant (Lair:3)
  Pikel (D:6)
  2 deep elf magi
  3 ugly things
  4 cyclopes
  2 black mambas
  A gargoyle (D:10)
  Psyche (D:8)
  A guardian serpent (Lair:4)
  A torpor snail (Lair:3)
  An ice statue (D:12)
  Maurice (D:8)
  5 cane toads
  5 komodo dragons
  2 rime drakes
  3 trolls
  Grinder (D:6)
  2 hornets
  3 blink frogs (Lair:3)
  9 slime creatures
  2 dream sheep (Lair:4)
  2 wraiths (D:13)
  A wyvern (Lair:4)
  A vampire (D:13)
  29 yaks
  A warg (D:12)
  11 vampire mosquitoes
  20 soldier ants (Lair:3)
  Edmund (D:6)
  3 water moccasins
  3 black bears
  7 orc warriors
  3 sky beasts
  6 ice beasts
  2 phantoms
  3 necrophages
  6 ogres
  13 centaurs
  A lemure (D:6)
  Blork the orc (D:4)
  7 big kobolds
  15 bullfrogs
  3 scorpions (D:8)
  2 wyvern skeletons
  A water moccasin skeleton (D:7)
  15 killer bees
  5 wights (D:11)
  2 electric eels (D:6)
  3 howler monkeys
  11 hounds
  6 orc priests
  A bullfrog zombie (D:8)
  7 jellies
  4 bullfrog skeletons
  5 centaur skeletons
  13 orc wizards
  Terence (D:2)
  3 iguanas
  34 worker ants
  6 big kobold zombies (Ossuary)
  3 hound zombies
  4 hound skeletons
  A mummy (Ossuary)
  A worker ant zombie (D:8)
  11 adders
  A gnoll (D:6)
  3 shadow imps
  3 white imps
  An ufetubus (D:9)
  2 oozes
  An adder zombie (D:6)
  4 worms
  3 dart slugs
  5 leopard geckos
  44 orcs
  3 spectral bats (Ossuary)
  7 bats
  A giant cockroach (D:5)
  6 gnoll zombies (Ossuary)
  8 goblins
  11 hobgoblins
  16 jackals
  3 quokkas
  A ball python (D:2)
  A ball python skeleton (D:4)
  2 bat simulacra (Ossuary)
  5 frilled lizards
  A goblin simulacrum (Ossuary)
  5 goblin zombies (Ossuary)
  4 hobgoblin zombies (Ossuary)
  65 kobolds
  A kobold simulacrum (Ossuary)
  3 kobold zombies (Ossuary)
  A leopard gecko skeleton (D:4)
  6 orc zombies (Ossuary)
  A quokka zombie (D:5)
  11 rats
  3 rat simulacra (Ossuary)
  4 spectral goblins (Ossuary)
  2 spectral kobolds (Ossuary)
  A spectral rat (Ossuary)
584 creatures vanquished.

Vanquished Creatures (others)
  2 bat simulacra (Ossuary)
  2 goblin simulacra (Ossuary)
  A kobold simulacrum (Ossuary)
  22 fungi
  30 plants
57 creatures vanquished.

Grand Total: 641 creatures vanquished

Notes
Turn   | Place    | Note
-------+----------+-------------------------------------------
     0 | D:1      | Peloso the Minotaur Fighter began the quest for the Orb.
     0 | D:1      | Reached XP level 1. HP: 19/19 MP: 0/0
   347 | D:1      | Reached XP level 2. HP: 27/27 MP: 1/1
   368 | D:1      | Reached skill level 4 in Shields
   524 | D:1      | Reached skill level 1 in Dodging
   631 | D:1      | Reached XP level 3. HP: 32/33 MP: 2/2
  1219 | D:2      | Reached XP level 4. HP: 40/40 MP: 3/3
  1229 | D:2      | Noticed Terence
  1236 | D:2      | Killed Terence
  1384 | D:2      | Found an ancient bone altar of Kikubaaqudgha.
  1384 | D:2      | Found a burning altar of Makhleb.
  1523 | D:2      | Reached XP level 5. HP: 31/46 MP: 4/4
  2798 | D:4      | Reached skill level 5 in Long Blades
  2798 | D:4      | Reached XP level 6. HP: 35/53 MP: 5/5
  2964 | D:4      | Noticed Blork the orc
  2984 | D:4      | Killed Blork the orc
  3123 | D:4      | Found a hazy altar of Hepliaklqana.
  3165 | D:4      | Reached skill level 5 in Armour
  3182 | D:4      | Found Pauvan's Armour Shoppe.
  3565 | D:5      | Entered Level 5 of the Dungeon
  3576 | D:5      | Noticed an ice beast
  3582 | D:5      | Killed an ice beast
  3583 | D:5      | Reached skill level 5 in Shields
  3583 | D:5      | Reached XP level 7. HP: 60/60 MP: 6/6
  4150 | D:5      | Got a slimy quarterstaff
  4156 | D:5      | Identified the +1 quarterstaff of the Pariah {speed, +Inv
                  | rF+ Int-4} (You found it on level 5 of the Dungeon)
  4374 | D:5      | Reached skill level 5 in Fighting
  4374 | D:5      | Reached skill level 6 in Shields
  4374 | D:5      | Reached XP level 8. HP: 65/68 MP: 7/7
  4782 | D:6      | Noticed Pikel
  4803 | D:6      | Killed Pikel
  4913 | D:6      | Noticed Grinder
  4935 | D:6      | Killed Grinder
  4936 | D:6      | Reached skill level 7 in Shields
  5631 | D:7      | Reached XP level 9. HP: 39/75 MP: 8/8
  5802 | D:7      | Found a sand-covered staircase.
  5807 | Ossuary  | Entered an ossuary
  6571 | D:7      | Found an opulent altar of Gozag.
  6583 | D:7      | Found Qaunuwn's Antique Weapon Shoppe.
  6756 | D:7      | Reached skill level 10 in Long Blades
  6883 | D:7      | Found Wajidis's Jewellery Boutique.
  7000 | D:7      | Reached skill level 8 in Shields
  7199 | D:7      | Found Jogu's Book Emporium.
  7416 | D:7      | Paralysed by a hornet for 2 turns
  7421 | D:7      | Paralysed by a hornet for 1 turns
  7423 | D:7      | Noticed a two-headed ogre
  8129 | D:6      | Noticed Edmund
  8139 | D:6      | Killed Edmund
  8286 | D:6      | Reached skill level 9 in Shields
  8430 | D:6      | Reached XP level 10. HP: 77/86 MP: 9/9
  8614 | D:6      | Found a staircase to the Ecumenical Temple.
  8626 | Temple   | Entered the Ecumenical Temple
  8851 | Temple   | Became a worshipper of Warmaster Okawaru
  9329 | D:7      | Reached skill level 1 in Stealth
  9477 | D:7      | Killed a two-headed ogre
  9975 | D:8      | Noticed Maurice
  9986 | D:8      | Killed Maurice
  9986 | D:8      | Reached * piety under Okawaru
 10105 | D:8      | Paralysed by a hornet for 1 turns
 10230 | D:8      | Noticed Psyche
 10240 | D:8      | Killed Psyche
 10241 | D:8      | Reached skill level 1 in Evocations
 10256 | D:8      | Reached ** piety under Okawaru
 10424 | D:8      | Found a staircase to the Lair.
 10595 | D:8      | Found a runed translucent door.
 10644 | D:8      | Reached skill level 10 in Shields
 10824 | D:8      | Found a viscous altar of Jiyva.
 11185 | D:8      | Found a runed translucent door.
 11607 | D:8      | Got a distressingly furry ring mail
 11618 | D:8      | Identified the +1 ring mail of the Gloaming {+Fly rElec
                  | rCorr Str-4} (You found it on level 8 of the Dungeon)
 12176 | D:9      | Reached skill level 10 in Armour
 12525 | D:10     | Entered Level 10 of the Dungeon
 12551 | D:10     | Reached XP level 11. HP: 91/91 MP: 10/10
 12653 | D:10     | Reached *** piety under Okawaru
 12816 | D:10     | Noticed Erolcha
 13255 | D:10     | Killed Erolcha
 13290 | D:10     | Noticed a two-headed ogre
 13303 | D:10     | Killed a two-headed ogre
 13620 | D:10     | Reached skill level 11 in Shields
 13944 | D:11     | Noticed a two-headed ogre
 13955 | D:10     | Killed a two-headed ogre
 14096 | D:11     | Reached **** piety under Okawaru
 14231 | D:11     | Noticed a cyan ugly thing
 14244 | D:11     | Killed a cyan ugly thing
 14245 | D:11     | Reached skill level 1 in Invocations
 14302 | D:11     | Noticed a seven-headed hydra
 14418 | Lair:1   | Entered Level 1 of the Lair of Beasts
 14741 | Lair:1   | Reached skill level 12 in Shields
 15687 | Lair:2   | Reached ***** piety under Okawaru
 15882 | Lair:2   | You fall into a shaft and drop 1 floor!
 15943 | Lair:3   | Reached XP level 12. HP: 89/103 MP: 9/11
 16288 | Lair:3   | Noticed a death yak
 16303 | Lair:3   | Killed a death yak
 16304 | Lair:3   | Reached skill level 13 in Shields
 16685 | Lair:3   | Received a gift from Okawaru
 16688 | Lair:3   | Got a translucent cloak {god gift}
 16694 | Lair:3   | Identified the -4 cloak of a volcano {rN+ Slay+2} (Okawaru
                  | gifted it to you on level 3 of the Lair of Beasts)
 16912 | Lair:3   | Noticed a queen ant
 16958 | Lair:3   | Killed a queen ant
 17849 | Lair:3   | Noticed a five-headed hydra
 17866 | Lair:3   | Killed a one-headed hydra
 17867 | Lair:3   | Reached skill level 14 in Shields
 19302 | D:11     | Got a transparent hand axe
 20044 | D:12     | Noticed a two-headed ogre
 20054 | D:12     | Killed a two-headed ogre
 20239 | D:12     | Reached XP level 13. HP: 94/113 MP: 12/12
 20492 | D:12     | Reached ****** piety under Okawaru
 20912 | D:12     | Found a staircase to the Orcish Mines.
 20963 | D:12     | Reached skill level 10 in Fighting
 21032 | D:12     | Noticed Nessos
 21040 | D:12     | Killed Nessos
 21040 | D:12     | Received a gift from Okawaru
 21146 | D:12     | Reached skill level 15 in Shields
 22833 | D:13     | Noticed Frances
 23317 | D:13     | Found a gate to the Vaults.
 24021 | D:13     | Killed Frances
 24022 | D:13     | Reached skill level 16 in Shields
 24072 | D:13     | Received a gift from Okawaru
 24078 | D:13     | Got a pair of brightly glowing boots {god gift}
 24084 | D:13     | Identified the +2 pair of boots of Divine Compulsion
                  | {*Contam rN+++ Int+4} (Okawaru gifted it to you on level 13
                  | of the Dungeon)
 24436 | D:13     | Reached skill level 15 in Long Blades
 25311 | Lair:4   | Found a staircase to the Snake Pit.
 25342 | Lair:4   | Found a staircase to the Swamp.
 25392 | Lair:4   | HP: 5/116 [yak (28)]
 25399 | Lair:4   | Mangled by a yak

Illustrated notes

Levels and vault maps discovered:
D:1:      kennysheep_arrival_forest, layout_loops_ring
D:2:      layout_loops_ring, amethyst_overflow_temple_binary,
          minmay_heptomino_h4, uniq_terence
D:3:      layout_basic, lemuel_another_geyser
D:4:      layout_layer_cave, kennysheep_little_box, serial_shops, shop,
          grunt_ministairs_13, minivault_1, serial_bayou_ford_a,
          uniq_blork_the_orc
D:5:      layout_gridville
D:6:      minmay_goblin_kobold_castle, layout_loops_cross,
          minmay_temple_entry_nine_rooms, chequers_serial_rivers_large_a,
          uniq_edmund, uniq_grinder, uniq_pikel
D:7:      layout_rooms, overflow_temple_1_default, serial_shops, shop_coins,
          nicolae_shop_temple_entry_statues_fountains,
          nicolae_shop_temple_entry_statues_fountains,
          nicolae_ossuary_entry_false_entrances, serial_co_window_serial,
          co_window_corner_a, co_window_of_opportunity_a, co_window_paths_a,
          co_window_cross_1, co_window_paths_b, co_window_unsneaky_path_e,
          co_window_2corner, co_window_cross_2, minmay_misc_feat_more_columns
D:8:      cheibrodos_histonic, layout_basic, grunt_lair_entry_orc_guard_hut,
          jiyva_altar_1, uniq_psyche, uniq_maurice
D:9:      layout_gridville
D:10:     layout_gridville, uniq_erolcha
D:11:     layout_small_grid
D:12:     layout_basic, erik_orc_4, minivault_16, glass_columns_c,
          small_chamber_with_monster, uniq_nessos
D:13:     layout_irregular_city, david_vaults_1, uniq_frances
Temple:   eino_narrow_crystal_temple
Lair:1:   layout_concentric_octagons, chequers_serial_rivers_micro_b,
          lemuel_fruit_fields
Lair:2:   layout_long_grid
Lair:3:   layout_chaotic_city, st_stairs_9, minivault_29
Lair:4:   layout_hall_layers, minmay_swamp_entry_swarm,
          minmay_snake_entry_spellcaster, nicolae_volcano_entry_batcave,
          minmay_hedge_maze, minivault_19

Skill      XL: |  1  2  3  4  5  6  7  8  9 10 11 12 13 |
---------------+----------------------------------------+-----
Shields        | 4 5 6 7 9 10 12 14 16 | 16.6
Dodging        | 1 2 3 4 |  4.3
Armour         | 4 5 6 7 8 10 11 12 13 | 13.1
Fighting       | 4 5 7 8 9 11 | 11.0
Long Blades    | 3 4 5 6 7 9 10 12 13 14 15 | 15.0
Stealth        | 1 |  1.3
Evocations     | 1 2 |  2.3
Invocations    | 1 |  1.2

Action                   |  1- 3 |  4- 6 |  7- 9 | 10-12 | 13-15 || total
-------------------------+-------+-------+-------+-------+-------++-------
Melee: Long sword        |    95 |   162 |   498 |  1077 |   401 ||  2233
       Headbutt          |    13 |    29 |    95 |   317 |   114 ||   568
Invok: Heroism           |       |       |       |    13 |     7 ||    20
Evoke: Wand              |       |       |    15 |    13 |    12 ||    40
  Use: Potion            |     1 |     3 |     2 |     2 |     6 ||    14
       Scroll            |       |     9 |    11 |     7 |     6 ||    33
Armor: Scale mail        |    42 |    27 |       |       |       ||    69
       Chain mail        |       |    66 |   185 |    91 |       ||   342
       Plate armour      |       |       |       |   219 |   143 ||   362
Dodge: Dodged            |    27 |    49 |   141 |   209 |    95 ||   521
Block: Kite shield       |    50 |   100 |   309 |   262 |       ||   721
       Tower shield      |       |       |       |   691 |   523 ||  1214
       Rpst.: Long sword |     4 |    15 |    36 |    64 |    26 ||   145

Table legend: (Time is in decaauts)
 A = Elapsed time spent in this place.
 B = Non-inter-level travel time spent in this place.
 C = Inter-level travel time spent in this place.
 D = Time resting spent in this place.
 E = Time spent auto-exploring this place.
 F = Levels seen in this place.
 G = Mean time per level.
                   A        B        C        D        E       F      G
               +--------+--------+--------+--------+--------+-----+--------+
         Total |  25193 |  23951 |   1242 |   2952 |  15305 |  19 | 1325.9 |
       Dungeon |  20385 |  19463 |    922 |   2811 |  12293 |  13 | 1568.1 |
        Temple |    241 |    212 |     29 |      0 |    201 |   1 |  241.0 |
          Lair |   3921 |   3631 |    290 |      0 |   2619 |   4 |  980.2 |
       Ossuary |    645 |    645 |      0 |    141 |    192 |   1 |  645.0 |
               +--------+--------+--------+--------+--------+-----+--------+

Top non-repeatable levels by time:
     D:6: 2638 daAuts
    D:13: 2452 daAuts
  Lair:3: 2191 daAuts
    D:12: 2129 daAuts
     D:8: 2064 daAuts
     D:7: 2044 daAuts
    D:10: 1600 daAuts
     D:4: 1482 daAuts
    D:11: 1239 daAuts
  Lair:1: 1133 daAuts
     D:5: 1057 daAuts
     D:1: 1038 daAuts
     D:9: 913 daAuts
     D:3: 867 daAuts
     D:2: 856 daAuts
